 Dungeon Crawl Stone Soup version 0.29-a0-323-g050149af67 (webtiles) character file.

Game seed: 12085441245061263507

7 Jortsu the Sneak (level 2, -6/19 HPs)
             Began as a Tengu Delver on Apr 10, 2022.
             Mangled by an orc
             ... wielding a +0 morningstar
              (7 damage)
             ... on level 3 of the Dungeon.
             The game lasted 00:00:49 (361 turns).

Jortsu the Sneak (Tengu Delver)                      Turns: 361, Time: 00:00:50

Health: -6/19      AC:  8    Str: 12    XL:     2   Next: 0%
Magic:  3/3        EV:  5    Int: 10    God:
Gold:   37         SH:  0    Dex: 15    Spells: 1/1 levels left

rFire   . . .      SeeInvis .   a - +0 falchion
rCold   . . .      Faith    .   (no shield)
rNeg    . . .      Spirit   .   i - +0 chain mail
rPois   .          Reflect  .   (helmet restricted)
rElec   .          Harm     .   (no cloak)
rCorr   .          Rampage  .   (no gloves)
Will    .....                   (boots unavailable)
Stlth   ..........              (no amulet)
HPRegen 0.06/turn               (no ring)
MPRegen 0.08/turn               (no ring)

@: no status effects
A: beak, talons 3
a: no special abilities


You were on level 3 of the Dungeon.
You visited 1 branch of the dungeon, and saw 3 of its levels.

You collected 37 gold pieces.

Inventory:

Hand Weapons
 a - a +0 falchion (weapon)
Armour
 i - a +0 chain mail (worn)
Wands
 g - a wand of digging (3)
Scrolls
 b - a scroll of enchant weapon {unknown}
 c - a scroll of fog
 d - a scroll of magic mapping
 e - a scroll of fear
 h - a scroll of identify {unknown}
Potions
 f - a potion of haste
 j - a potion of curing {unknown}


   Skills:
 + Level 3.0 Fighting
 + Level 2.2 Long Blades
 + Level 2.2 Dodging
 + Level 5.3 Stealth


You had one spell level left.
You didn't know any spells.
Your spell library was empty.

Dungeon Overview and Level Annotations

Branches:
Dungeon (5/15)
 Temple: D:4-7

Altars:


Innate Abilities, Weirdness & Mutations

You have a beak for a mouth.
You have claws for feet.


Message History

You hit the frilled lizard.
You kill the frilled lizard!
j - a metallic orange potion An orc comes into view.
It is wielding a +0 morningstar.
The orc shouts!
An orc comes into view. It is wielding a +0 hand axe.
The orc shouts!
An orc comes into view. It is wielding a +0 short sword.
An orc priest comes into view. It is wielding a +0 club.
An orc priest comes into view. It is wielding a +0 hand axe.
You barely miss the orc.
The orc priest shouts!
The orc hits you but does no damage. The orc barely misses you.
The orc priest shouts!
You hit the orc. You claw the orc.
You kill the orc!
You have reached level 2!
The orc attacks as you move away! The orc hits you with a +0 morningstar.
The orc attacks as you move away! The orc hits you but does no damage.
The orc attacks as you move away! The orc hits you with a +0 morningstar!
The orc attacks as you move away! The orc barely misses you.
The orc attacks as you move away! The orc barely misses you.
Found a hand axe.
The orc shouts!
The orc attacks as you move away! The orc hits you but does no damage.
The orc attacks as you move away! The orc hits you with a +0 morningstar.
The orc attacks as you move away! The orc hits you but does no damage.
The orc attacks as you move away! The orc hits you with a +0 short sword.
The orc attacks as you move away! The orc hits you but does no damage.
The orc priest looks satisfied for a moment.
The orc priest looks satisfied for a moment.
The orc attacks as you move away! The orc barely misses you.
The orc attacks as you move away! The orc barely misses you.
The orc attacks as you move away! The orc hits you with a +0 morningstar.
* * * LOW HITPOINT WARNING * * *
The orc attacks as you move away! The orc barely misses you.
The orc attacks as you move away! The orc hits you with a +0 short sword.
* * * LOW HITPOINT WARNING * * *
The orc attacks as you move away! The orc hits you with a +0 morningstar!
You die...

#...........##
#....#.♣...♣.##.#
#####................ .
##........♣...>...♣..#.#
.'......................
##....[...#.♣...♣.##.#.#
#....#.................
##....#.................
#######.........@.####
#######........oo.#
.................##
....###..(.......#
....###..........##
.#.#.#.#..........#
...>.........o.o..##
##.#.#.#............
#....................


You could see 2 orc priests and 2 orcs.

Vanquished Creatures
  An orc (D:3)
  A ball python (D:4)
  A bat (D:3)
  A giant cockroach (D:3)
  A frilled lizard (D:3)
5 creatures vanquished.

Notes
Turn   | Place    | Note
-------+----------+-------------------------------------------
     0 | D:5      | Jortsu the Tengu Delver began the quest for the Orb.
     0 | D:5      | Reached XP level 1. HP: 14/14 MP: 2/2
   319 | D:3      | Noticed an orc priest
   331 | D:3      | Noticed an orc priest
   334 | D:3      | Reached XP level 2. HP: 19/19 MP: 3/3
   361 | D:3      | Mangled by an orc

Illustrated notes

Levels and vault maps discovered:
D:3:      layout_basic, gammafunk_temple_overflow_statue, st_stairs_12,
          grunt_ministairs_2
D:4:      layout_cave_pools, minmay_temple_entry_wispy
D:5:      layout_rooms, lemuel_doored_altar, serial_rivers,
          chequers_serial_rivers_room_a, chequers_serial_rivers_large_b,
          chequers_serial_rivers_micro_d, chequers_serial_rivers_small_b

Action                   || total
-------------------------++-------
Melee: Falchion          ||    15
       Kick              ||     2
 Stab: Sleeping          ||     2
Armor: Chain mail        ||    11
       Leather armour    ||     1
Dodge: Dodged            ||    11

Table legend: (Time is in decaauts)
 A = Elapsed time spent in this place.
 B = Non-inter-level travel time spent in this place.
 C = Inter-level travel time spent in this place.
 D = Time resting spent in this place.
 E = Time spent auto-exploring this place.
 F = Levels seen in this place.
 G = Mean time per level.
                   A        B        C        D        E       F      G
               +--------+--------+--------+--------+--------+-----+--------+
         Total |    363 |    363 |      0 |     77 |    152 |   3 |  121.0 |
       Dungeon |    363 |    363 |      0 |     77 |    152 |   3 |  121.0 |
               +--------+--------+--------+--------+--------+-----+--------+

Top non-repeatable levels by time:
     D:3: 257 daAuts
     D:4: 102 daAuts
     D:5: 4 daAuts
